 Dungeon Crawl Stone Soup version 0.31-a0-516-gfcb59812bd (webtiles) character file.

Game seed: 16763766906393050951

70 Morbidden the Magician (level 4, -2/32 HPs)
             Began as a Djinni Air Elementalist on Aug 10, 2023.
             Slain by Grinder (8 damage)
             ... on level 3 of the Dungeon.
             The game lasted 00:01:43 (1642 turns).

Morbidden the Magician (Djinni Air Elementalist)    Turns: 1642, Time: 00:01:43

Health: -2/32      AC:  2    Str:  9    XL:     4   Next: 45%
Gold:   124        EV: 13    Int: 16    God:
                   SH:  0    Dex: 14

rFire   + + .        (no weapon)
rCold   . . .        (no shield)
rNeg    . . .        a - +0 robe
rPois   ∞            (no helmet)
rElec   .            (no cloak)
rCorr   .            (no gloves)
SInv    .            (boots unavailable)
Will    .....        (no amulet)
Stlth   ++           c - ring of protection from cold
HPRegen 0.25/turn    (no ring)
MPRegen 0.00/turn

%: infuse magic (-3 HP)
@: flying
A: sickness immunity, fire resistance 2, cold vulnerability 1, float, innate
caster, HP casting, extra vitality 1
a: no special abilities


You were on level 3 of the Dungeon.
You visited 1 branch of the dungeon, and saw 3 of its levels.

You collected 124 gold pieces.

Inventory:

Armour
 a - a +0 robe (worn)
Jewellery
 c - a ring of protection from cold (left hand)
 e - a ring of fire
 k - a ring of fire
Talismans
 g - a talisman of death
Wands
 j - a wand of digging (7)
Scrolls
 b - a scroll of brand weapon {unknown}
 d - 2 scrolls of blinking {unknown}
 f - a scroll of identify {unknown}
 h - a scroll of teleportation {unknown}
 l - a scroll of amnesia {unknown}
Potions
 i - a potion of brilliance {unknown}
 m - 2 potions of lignification {unknown}


   Skills:
 * Level 1.2 Fighting
 * Level 1.2 Armour
 * Level 3.0 Dodging
 + Level 1.8 Stealth
 * Level 3.2 Spellcasting
 * Level 3.2 Conjurations
 * Level 3.2 Hexes
 * Level 3.2 Summonings
 * Level 3.2 Necromancy
 * Level 3.2 Translocations
 * Level 3.2 Transmutations
 * Level 3.2 Fire Magic
 * Level 3.2 Ice Magic
 * Level 3.2 Air Magic
 * Level 3.2 Earth Magic
 * Level 3.2 Poison Magic
 * Level 0.5 Shapeshifting


You knew the following spells:

 Your Spells              Type           Power      Damage    Failure   Level
a - Shock                 Conj/Air       48%        1d6       4%          1
b - Static Discharge      Conj/Air       24%        2-3/arc   8%          2
c - Swiftness             Air            12%        N/A       14%         3
d - Airstrike             Air            6%         2d(1-17)  43%         4
e - Apportation           Tloc           24%        N/A       4%          1
Your spell library was empty.

Dungeon Overview and Level Annotations

Branches:
Dungeon (3/15)

Altars:

Shops:
D:1 (   D:2 ?

Annotations:
D:3 Grinder


Innate Abilities, Weirdness & Mutations

You are immune to sickness and miasma.
You are immune to poison.
Your flesh is very heat resistant. (rF++)
You are vulnerable to cold. (rC-)
You float through the air rather than walking.
You learn spells naturally, not from books.
Your magical power is your life essence.
You have superior vitality. (+4 MHP)


Message History

Grinder gestures at you.
You shrug off the repeated paralysis!
Grinder gestures at you. You resist with significant effort.
You can move again.
Unknown command.
Casting: Shock (safe; 4% risk of failure)
Confirm with . or Enter, or press ? or * to list all spells.
You don't know that spell.
Casting: Shock (safe; 4% risk of failure)
Confirm with . or Enter, or press ? or * to list all spells.
Aiming: Shock (safe; 4% risk of failure)
Press: ? - help, Shift-Dir - straight line The zap hits Grinder.
Grinder is almost dead.
Grinder hits you!
You writhe in agony.
* * * LOW HITPOINT WARNING * * *
Unknown command.
Unknown command.
Unknown command.
Casting: Shock (safe; 4% risk of failure)
Confirm with . or Enter, or press ? or * to list all spells.
Aiming: Shock (safe; 4% risk of failure)
Press: ? - help, Shift-Dir - straight line The zap misses Grinder. x2
* * * LOW HITPOINT WARNING * * *
Grinder barely misses you.
Unknown command.
Unknown command.
Casting: Shock (safe; 4% risk of failure)
Confirm with . or Enter, or press ? or * to list all spells.
Aiming: Shock (safe; 4% risk of failure)
Press: ? - help, Shift-Dir - straight line The zap hits Grinder.
Grinder is almost dead.
The zap hits Grinder.
Grinder is almost dead.
* * * LOW HITPOINT WARNING * * *
Grinder hits you!
You die...

♣♣ #. #. #. #. #.
#.##### #.@5..#
#####.# ### #.#
#.# #.# #.#####
#.# ##
#.....####.# ..
#.#<.......# #.
######.###...####
#. #......# ##..#


You could see Grinder.

Vanquished Creatures
  Natasha (D:3)
  A worm (D:2)
  3 dart slugs
  5 endoplasms
  4 goblins
  2 hobgoblins
  2 kobolds (D:1)
  2 quokkas
  4 ball pythons
  4 bats
  3 frilled lizards
  8 rats
39 creatures vanquished.

Notes
Turn   | Place    | Note
-------+----------+-------------------------------------------
     0 | D:1      | Morbidden the Djinni Air Elementalist began the quest for
                  | the Orb.
     0 | D:1      | Morbidden set off with the following spells memorised:
                  | Shock, Static Discharge, Swiftness, Airstrike.
     0 | D:1      | Reached XP level 1. HP: 15/15 MP: 0/0
    24 | D:1      | Found Seej's Antique Weapon Boutique.
    76 | D:1      | Reached XP level 2. HP: 20/21 MP: 0/0
   708 | D:1      | Reached XP level 3. HP: 21/26 MP: 0/0
   708 | D:1      | Learned a level 1 spell: Apportation
   848 | D:1      | Found a faded altar of an unknown god.
  1004 | D:2      | Reached skill level 1 in Fighting
  1125 | D:2      | Found Yfotz's Magic Scroll Boutique.
  1222 | D:2      | Reached skill level 1 in Armour
  1541 | D:3      | Noticed Natasha
  1544 | D:3      | Killed Natasha
  1545 | D:3      | Reached XP level 4. HP: 30/32 MP: 0/0
  1621 | D:3      | Noticed Grinder
  1635 | D:3      | Paralysed by Grinder for 5 turns
  1642 | D:3      | Slain by Grinder

Illustrated notes

Levels and vault maps discovered:
D:1:      eino_arrival_water_star, layout_loops_ring,
          shapermc_ecumenical_altar_hornbeckon, serial_shops,
          nicolae_shop_tiny_glass, bh_walls_and_bars
D:2:      layout_rooms, serial_shops, nicolae_lakefront_shop,
          minmay_heptomino_h4
D:3:      minmay_octagon_keep, layout_basic, serial_bayou_crossing,
          uniq_jessica, uniq_grinder, uniq_natasha

Skill      XL: |  1  2  3 |
---------------+----------+-----
Spellcasting   | |  3.2
Conjurations   | |  3.2
Hexes          | |  3.2
Summonings     | |  3.2
Necromancy     | |  3.2
Translocations | |  3.2
Transmutations | |  3.2
Fire Magic     | |  3.2
Ice Magic      | |  3.2
Air Magic      | |  3.2
Earth Magic    | |  3.2
Poison Magic   | |  3.2
Fighting       | 1 |  1.2
Armour         | 1 |  1.2
Dodging        | 3 |  3.0
Stealth        | |  1.8
Shapeshifting  | |  0.5

Action                     |  1- 3 |  4- 6 || total
---------------------------+-------+-------++-------
   Cast: Shock             |    78 |    16 ||    94
 Armour: Robe              |     3 |     1 ||     4
  Dodge: Dodged            |    14 |     4 ||    18

Table legend: (Time is in decaauts)
 A = Elapsed time spent in this place.
 B = Non-inter-level travel time spent in this place.
 C = Inter-level travel time spent in this place.
 D = Time resting spent in this place.
 E = Time spent auto-exploring this place.
 F = Levels seen in this place.
 G = Mean time per level.
                   A        B        C        D        E       F      G
               +--------+--------+--------+--------+--------+-----+--------+
         Total |   1641 |   1612 |     29 |    126 |   1300 |   3 |  547.0 |
       Dungeon |   1641 |   1612 |     29 |    126 |   1300 |   3 |  547.0 |
               +--------+--------+--------+--------+--------+-----+--------+

Top non-repeatable levels by time:
     D:1: 901 daAuts
     D:2: 608 daAuts
     D:3: 130 daAuts
